 Dungeon Crawl Stone Soup version 0.28.0-53-g5a82cb258f (webtiles) character file.

Game seed: 8852084326749815241

186 MiltankisOP the Sneak (level 5, -1/35 HPs)
             Began as a Kobold Delver on July 12, 2022.
             Slain by an ufetubus (2 damage)
             ... summoned by Eustachio
             ... on level 4 of the Dungeon.
             The game lasted 00:04:34 (2738 turns).

MiltankisOP the Sneak (Kobold Delver)               Turns: 2738, Time: 00:04:34

Health: -1/35      AC:  4    Str: 20    XL:     5   Next: 98%
Magic:  5/5        EV: 14    Int: 11    God:
Gold:   86         SH:  0    Dex: 15    Spells: 4/4 levels left

rFire   . . .      SeeInvis .   i - +7 falchion of Yjiyxk Milu {spect, *Noise rN+ Str+10 Dex-3}
rCold   . . .      Faith    .   (no shield)
rNeg    + . .      Spirit   .   b - +0 leather armour
rPois   .          Reflect  .   (no helmet)
rElec   .          Harm     .   (no cloak)
rCorr   .          Rampage  .   (no gloves)
Will    .....                   q - +0 pair of boots {Stlth+}
Stlth   +++++.....              (no amulet)
HPRegen 0.11/turn               (no ring)
MPRegen 0.09/turn               (no ring)

@: hasted, very quick
A: small, no large weapons, nightstalker 3
a: no special abilities


You were on level 4 of the Dungeon.
You visited 1 branch of the dungeon, and saw 5 of its levels.

You collected 86 gold pieces.

Inventory:

Hand Weapons
 a - a +0 short sword
 i - the +7 falchion of Yjiyxk Milu (weapon) {spect, *Noise rN+ Str+10 Dex-3}
   (You found it on level 5 of the Dungeon)

   When its wielder attacks, the weapon's spirit leaps out and strikes again.
   The spirit shares a part of any damage it takes with its wielder.
   Str:       It affects your strength (+10).
   Dex:       It affects your dexterity (-3).
   rN:        It protects you from negative energy.
   *Noise:    It may make noises in combat.
 j - a +2 dagger of venom
Armour
 b - a +0 leather armour (worn)
 q - a +0 pair of boots of stealth (worn)
Jewellery
 u - a +6 ring of strength
Wands
 g - a wand of digging (3)
 t - a wand of polymorph (8)
Scrolls
 c - a scroll of fog
 d - a scroll of magic mapping
 k - a scroll of teleportation {unknown}
 l - 7 scrolls of identify {unknown}
 m - a scroll of brand weapon {unknown}
 n - a scroll of noise {unknown}
 s - a scroll of enchant armour {unknown}
Potions
 f - a potion of haste
 h - 2 potions of lignification {unknown}
 o - a potion of resistance {unknown}
 p - a potion of magic {unknown}
 r - a potion of flight {unknown}


   Skills:
 + Level 5.3 Fighting
 + Level 5.6 Short Blades
 - Level 2.4 Dodging
 - Level 6.6 Stealth


You had 4 spell levels left.
You didn't know any spells.
Your spell library was empty.

Dungeon Overview and Level Annotations

Branches:
Dungeon (5/15)
 Temple: D:4-7

Altars:
Hepliaklqana
Okawaru
Xom

Shops:
D:1 *   D:4 =

Annotations:
D:4 Edmund, Eustachio


Innate Abilities, Weirdness & Mutations

You are small and have problems with some larger weapons.
You are completely attuned to the shadows.


Message History

The magic dart hits you.
The hobgoblin hits something but does no damage.
Cornered, the hobgoblin turns to fight!
A quokka comes into view.
The ufetubus hits the bush but does no damage. x2
A magic dart appears from out of thin air!
The magic dart hits you.
* * * LOW HITPOINT WARNING * * *
You feel yourself speed up. The quokka completely misses you.
A worm comes into view.
You are confused.
The crimson imp hits the bush but does no damage.
The quokka bites you but does no damage.
The crimson imp blinks!
The ufetubus misses you. The ufetubus completely misses you.
You slash the quokka!
You kill the quokka!
The ufetubus hits you.
* * * LOW HITPOINT WARNING * * *
The ufetubus barely misses you. The crimson imp misses you.
You barely miss the worm.
Your falchion of Yjiyxk Milu says, "I'm bored."
Your +7 falchion of Yjiyxk Milu {spect, *Noise rN+ Str+10 Dex-3} hits the worm!
You hear an angry hiss. x2; You hear a shout!
You hear an angry hiss.
You hear a shout!
You hear a howl!
You hear a shout! x2
The ufetubus misses you. The ufetubus closely misses you.
Something hits the bush.
The crimson imp hits you.
* * * LOW HITPOINT WARNING * * *
You're too confused to move!
The ufetubus hits you.
* * * LOW HITPOINT WARNING * * *
The ufetubus hits you but does no damage.
The worm bites you.
* * * LOW HITPOINT WARNING * * *
You closely miss the ufetubus.
You feel less confused. The ufetubus hits you.
* * * LOW HITPOINT WARNING * * *
The ufetubus closely misses you. The hobgoblin completely misses you.
The crimson imp misses you. The ufetubus misses you. The ufetubus hits you.
You die...

......##.........
.....###.........
.................
.........
.P.......PPP
PP........P.P
.PP...PP...PPP
.....§.....PP
....8w@5...PPP
.....5g.......
.PP...P....PPP
..P...PP...P.P
.......P......
≈..P...P.......
.......PP.....
PPPP...PPP♣#+#
....)...PP#


You could see a worm, a crimson imp (summoned), an ufetubus (summoned) and a
hobgoblin.

Vanquished Creatures
  2 orc priests
  Jessica (D:3)
  Terence (D:3)
  3 adders (D:2)
  A dart slug (D:3)
  4 orcs
  5 bats
  2 endoplasms
  2 giant cockroaches
  3 goblins
  7 hobgoblins
  2 jackals (D:1)
  2 quokkas
  A ball python (D:3)
  A frilled lizard (D:1)
  4 kobolds
  4 rats
45 creatures vanquished.

Notes
Turn   | Place    | Note
-------+----------+-------------------------------------------
     0 | D:5      | MiltankisOP the Kobold Delver began the quest for the Orb.
     0 | D:5      | Reached XP level 1. HP: 14/14 MP: 1/1
    20 | D:5      | Found a hazy altar of Hepliaklqana.
    21 | D:5      | Found a shimmering altar of Xom.
    22 | D:5      | Noticed a spectral ugly thing
    57 | D:5      | Found an iron altar of Okawaru.
    60 | D:5      | Identified the +7 falchion of Yjiyxk Milu {spect, *Noise
                  | rN+ Str+10 Dex-3}
   109 | D:4      | Found Join's Jewellery Emporium.
   124 | D:4      | Noticed Edmund
   445 | D:2      | Reached XP level 2. HP: 20/20 MP: 2/2
   557 | D:2      | Reached XP level 3. HP: 24/24 MP: 3/3
  1354 | D:1      | Reached XP level 4. HP: 29/29 MP: 4/4
  1372 | D:1      | Found Bysorch's Assorted Antiques.
  1429 | D:1      | Found a faded altar of an unknown god.
  2232 | D:3      | Noticed Terence
  2237 | D:3      | Killed Terence
  2274 | D:3      | Reached skill level 5 in Short Blades
  2274 | D:3      | Reached XP level 5. HP: 28/34 MP: 5/5
  2418 | D:3      | Noticed Jessica
  2420 | D:3      | Killed Jessica
  2421 | D:3      | Reached skill level 5 in Fighting
  2715 | D:4      | Noticed Eustachio
  2738 | D:4      | HP: 1/35 [ufetubus[Eustachio] (1)]
  2738 | D:4      | Slain by an ufetubus

Illustrated notes

Levels and vault maps discovered:
D:1:      dpeg_arrival_round_a, layout_loops_cross, serial_shops,
          nicolae_shop_statue_plus, hellmonk_ecumenical_altar_prayer_group,
          st_stairs_12
D:2:      layout_loops_ring, st_stairs_4
D:3:      layout_loops_ring, hangedman_decor_clover_reticule, uniq_terence,
          uniq_jessica
D:4:      layout_cave_pools, serial_park, serial_park_paths
          [serial_park_minivault_5x5_3], serial_park_gazebo
          [serial_park_minivault_5x5_2], serial_park_tiny_2, serial_park_tiny_1,
          serial_park_tiny_1, serial_shops, nicolae_shop_hallway_plus,
          uniq_edmund, uniq_eustachio
D:5:      layout_cave_pods, regret_index_temple_of_mockery,
          okawaru_ov_weapons_minmay, tso_oasis_becter,
          nicolae_overflow_crystal_walls, amcnicky_mini_pool_small,
          grunt_decor_mini_mirrors

Skill      XL: |  1  2  3  4  5 |
---------------+----------------+-----
Short Blades   | 3 4 5 |  5.6
Fighting       | 4 5 |  5.3
Dodging        | |  2.4
Stealth        | |  6.6

Action                   |  1- 3 |  4- 6 || total
-------------------------+-------+-------++-------
Melee: Short sword       |    20 |       ||    20
       Falchion          |    26 |    29 ||    55
       Dagger            |       |     8 ||     8
  Use: Scroll            |       |     1 ||     1
       Potion            |       |     1 ||     1
 Stab: Sleeping          |     8 |     9 ||    17
Armor: Leather armour    |     9 |     6 ||    15
Dodge: Dodged            |    38 |    32 ||    70
